 Dungeon Crawl Stone Soup version 0.21.1-1-g345015fe64 (webtiles) character file.

99337 Loge the Warrior (level 15, -1/134 HPs)
             Began as a Minotaur Berserker on July 13, 2018.
             Was a High Priest of Trog.
             Succumbed to a naga mage's splash of poison
             ... on level 3 of the Abyss.
             The game lasted 01:07:51 (19845 turns).

Loge the Warrior (Minotaur Berserker)              Turns: 19845, Time: 01:07:52

Health: -1/134     AC: 22    Str: 39    XL:     15   Next: 77%
Magic:  14/14      EV:  7    Int: 11    God:    Trog [*****.]
Gold:   1010       SH: 20    Dex:  7    Spells: 14/14 levels left

rFire    + . .     SeeInvis .   W - +11 broad axe of Neitim {chop, +Blink rC+ Int+4 Dex-4}
rCold    + . .     Gourm    .   w - +2 shield
rNeg     . . .     Faith    .   J - +0 plate armour
rPois    .         Spirit   .   (helmet restricted)
rElec    .         Reflect  +   M - +1 cloak
rCorr    .         Harm     .   V - +0 pair of gloves
MR       +....                  s - +0 pair of boots
Stlth    ..........             f - amulet of Juco {Reflect Str+7 Int+3 SH+3}
HPRegen  0.32/turn              A - +5 ring of strength
MPRegen  0.14/turn              g - ring of protection from fire

@: lethally poisoned (-1 -> -7), about to teleport, slowed, constricted, very
slow
A: retaliatory headbutt, horns 2, frail 1
a: Berserk, Trog's Hand, Brothers in Arms, Burn Spellbooks, Renounce Religion,
Evoke Blink


You were on level 3 of the Abyss.
You worshipped Trog.
Trog was extremely pleased with you.
You were not hungry.

You visited 3 branches of the dungeon, and saw 20 of its levels.
You visited the Abyss 1 time.
You also visited: Bailey and Ice Cave.

You collected 1805 gold pieces.
You spent 795 gold pieces at shops.

Inventory:

Hand Weapons
 B - a +2 whip of electrocution
 I - a +4 antimagic executioner's axe
 O - a +4 antimagic broad axe
 W - the +11 broad axe of Neitim (weapon) {chop, +Blink rC+ Int+4 Dex-4}
   (Trog gifted it to you on level 9 of the Dungeon)

   It inflicts extra damage upon your enemies.
   It affects your intelligence (+4).
   It affects your dexterity (-4).
   It protects you from cold.
   It lets you blink.
Missiles
 v - 11 javelins of returning (quivered)
 F - 9 javelins
 L - 3 javelins of penetration
Armour
 s - a +0 pair of boots (worn)
 w - a +2 shield (worn)
 H - the +3 buckler "Favotarr" {rC+ rCorr Slay+2}
   (You found it on level 7 of the Dungeon)

   It affects your accuracy and damage with ranged weapons and melee attacks
   (+2).
   It protects you from cold.
   It protects you from acid and corrosion.
 J - a +0 plate armour (worn)
 M - a +1 cloak (worn)
 V - a +0 pair of gloves (worn)
Jewellery
 d - an uncursed ring of positive energy
 f - the amulet of Juco (around neck) {Reflect Str+7 Int+3 SH+3}
   (You bought it in a shop on level 2 of the Orcish Mines)

   [amulet of reflection]

   It shields you and reflects attacks.
   It affects your strength (+7).
   It affects your intelligence (+3).
   It affects your SH (+3).
 g - a ring of protection from fire (right hand)
 j - an uncursed ring of protection from cold
 A - a +5 ring of strength (left hand)
 D - a cursed -2 ring of evasion {unknown}
 G - an uncursed amulet of regeneration
 Z - an uncursed ring of see invisible
Wands
 e - a wand of scattershot (6)
 l - a wand of clouds (9)
 N - a wand of iceblast (10)
 P - a wand of acid (17)
 T - a wand of disintegration (9)
Scrolls
 b - 14 scrolls of remove curse
 k - 4 scrolls of magic mapping
 m - 9 scrolls of teleportation
 x - 4 scrolls of fog
 y - 5 scrolls of enchant armour
 C - 5 scrolls of silence
 U - a scroll of random uselessness {unknown}
 X - a scroll of torment {unknown}
Potions
 a - a potion of mutation {unknown}
 i - 2 potions of agility
 n - a potion of resistance
 o - a potion of berserk rage
 p - 13 potions of curing
 r - a potion of magic
 t - a potion of ambrosia
 u - 4 potions of cancellation
 z - 4 potions of might
 E - 3 potions of flight
 K - 6 potions of brilliance
 Y - a potion of invisibility
Comestibles
 c - 25 rations


   Skills:
 * Level 17.8 Fighting
 + Level 16.5 Axes
 + Level 14.4 Armour
 - Level 3.2 Dodging
 + Level 14.0 Shields


You had 14 spell levels left.
You didn't know any spells.

Dungeon Overview and Level Annotations

Branches:
Dungeon (12/15)            Temple (0/1) D:4            Lair (6/6) D:11
 Shoals (0/4) Lair:4       Spider (0/4) Lair:4        Slime (0/5) Lair:6
    Orc (2/2) D:11            Elf (0/3) Orc:2

Altars:
Cheibriados
Gozag
Kikubaaqudgha
Nemelex Xobeh
Okawaru
Sif Muna
Trog
Uskayaw
Wu Jian
Xom

Shops:
D:8 !   Orc:1 *   Orc:2 [}*(=

Annotations:
D:11 Sonja
Lair:1 exclusion: oklob plant
Lair:6 exclusion: 3 oklob plants


Innate Abilities, Weirdness & Mutations

You reflexively headbutt those who attack you in melee.
You have a pair of horns on your head.
You are frail. (-10% HP)


Message History

As you read the scroll labeled APTELA MAHUOLASH, it crumbles to dust.
This is a scroll of acquirement! [a] Weapon [b] Armour [c] Jewellery [d] Book [e] Staff [f] Evocable [g] Food [h] Gold What kind of item would you like to acquire? (\ to view known items)
Something appears at your feet!
* * * LOW HITPOINT WARNING * * *
You feel sick.
The thrashing horror roars!
The naga mage hits you but does no damage.
You block the naga mage's attack. The naga barely misses you.
The naga constricts you.
Okay, then.
As you read the scroll labeled QOMPEN YMAYLAL, it crumbles to dust.
You assume a fearsome visage.
The tentacled starspawn is unaffected.
The naga mage looks frightened!
The naga looks frightened!
The thrashing horror is unaffected.
The starspawn tentacle segment is unaffected.
The starspawn tentacle is unaffected. x2; It was a scroll of fear.
You die...

### # #.# # #.###.#
### ####..... . ###
. # #.......####
.### #. ##.
#..###.#.#.## #..
#.#..##N..#. .#.#
§.# #....#@#
...#..## #... .
#.XNw##w#..#.X## .#
....#.wVX.#..
#N.S...
#.....##†##.#..##...
#..#....†..### ....
?. #..#.....#..##.#
....#
#..##.##...#.§##..#.
.. #####. #..#..# .
###.# #.. #.#
....##. ##


You could see a tentacled starspawn, a thrashing horror, a naga mage (fleeing),
a naga (fleeing) and 2 starspawn tentacles.

Vanquished Creatures
  An orc warlord (Orc:1)
  A lorocyproca (Abyss:3)
  Josephine (Lair:5)
  An ogre mage (D:12)
  Harold (D:10)
  Erolcha (D:11)
  2 hydras
  Erica (D:9)
  5 two-headed ogres
  2 orc high priests (Orc:2)
  A thrashing horror (Abyss:3)
  A lindwurm (Lair:6)
  Pikel (D:4)
  4 wizards (D:12)
  5 orc knights
  A deep elf mage (D:12)
  4 orc sorcerers
  A manticore (D:11)
  2 ugly things (D:11)
  16 elephants
  9 black mambas
  A guardian serpent (Abyss:3)
  Maurice (D:11)
  12 spiny frogs
  2 rime drakes
  7 komodo dragons
  2 ice devils (Lair:3)
  4 trolls
  2 jumping spiders (Lair:4)
  A polar bear (Lair:4)
  A raiju (Abyss:3)
  4 hippogriffs
  17 blink frogs
  Prince Ribbit (D:5)
  5 dream sheep (Lair:5)
  5 wraiths (Lair:5)
  A ynoxinul (Abyss:3)
  9 yaks
  A spriggan (D:7)
  3 wyverns
  A redback (Lair:4)
  A vampire (D:12)
  A steam dragon (D:8)
  2 basilisks
  2 small abominations (Abyss:3)
  Grum (D:11)
  A hungry ghost (D:10)
  Menkaure (D:5)
  4 wargs
  2 insubstantial wisps (D:8)
  12 water moccasins
  12 porcupines
  6 black bears
  14 ice beasts
  7 sky beasts
  2 slaves
  An eye of draining (D:11)
  39 orc warriors
  4 phantoms
  A necrophage (D:5)
  9 ogres
  7 centaurs
  15 wolves
  10 crocodiles
  Blork the orc (D:4)
  14 bullfrogs
  5 big kobolds
  A wyvern zombie (D:10)
  4 scorpions
  A water moccasin skeleton (D:5)
  12 wights
  17 killer bees
  2 electric eels (Lair:5)
  3 howler monkeys
  4 crimson imps
  A bullfrog zombie (D:5)
  2 quasits
  14 orc priests
  8 hounds
  11 jellies
  A bullfrog skeleton (D:4)
  2 centaur skeletons
  6 iguanas
  11 worker ants
  12 orc wizards
  A killer bee zombie (D:7)
  A hound zombie (D:7)
  2 worker ant zombies
  2 gnolls (D:3)
  14 adders
  3 shadow imps
  14 oozes
  2 worms
  2 dart slugs
  7 leopard geckos
  84 orcs
  4 bats
  6 giant cockroaches
  9 goblins
  2 hobgoblins (D:3)
  11 jackals
  64 kobolds
  5 quokkas
  2 ball pythons (D:2)
  5 frilled lizards
  A leopard gecko zombie (D:5)
  3 quokka skeletons
  A quokka zombie (D:10)
  5 rats
  16 fungi
  16 plants
709 creatures vanquished.

Vanquished Creatures (collateral kills)
  An ogre mage (D:11)
  2 two-headed ogres (D:11)
  A neqoxec (Abyss:3)
  An ogre (D:11)
  2 orc warriors (Bailey)
  3 centaurs (Bailey)
  An orc (Bailey)
11 creatures vanquished.

Vanquished Creatures (others)
  A bush (Lair:6)
  32 fungi
  17 plants
  12 starspawn tentacles (Abyss:3)
62 creatures vanquished.

Grand Total: 782 creatures vanquished

Notes
Turn   | Place    | Note
-------+----------+-------------------------------------------
     0 | D:1      | Loge the Minotaur Berserker began the quest for the Orb.
     0 | D:1      | Reached XP level 1. HP: 19/19 MP: 0/0
   288 | D:1      | Reached XP level 2. HP: 27/27 MP: 1/1
   730 | D:2      | Reached skill level 4 in Fighting
   730 | D:2      | Reached XP level 3. HP: 29/33 MP: 2/2
   731 | D:2      | Reached ** piety under Trog
  1048 | D:2      | Found a sparkling altar of Nemelex Xobeh.
  1325 | D:2      | Found a deep blue altar of Sif Muna.
  1481 | D:3      | Reached XP level 4. HP: 31/40 MP: 3/3
  1486 | D:3      | Reached skill level 5 in Axes
  1489 | D:3      | Found a hide-covered altar of Uskayaw.
  1753 | D:3      | Noticed a hand axe
  1754 | D:3      | Noticed a dagger
  1780 | D:3      | Found a faded altar of an unknown god.
  1831 | D:3      | Reached XP level 5. HP: 46/47 MP: 4/4
  1833 | D:3      | Reached *** piety under Trog
  1883 | D:3      | Found an ornate altar of the Wu Jian Council.
  2403 | D:3      | Found a snail-covered altar of Cheibriados.
  2427 | D:3      | Found an iron altar of Okawaru.
  2922 | D:4      | Found a bloodstained altar of Trog.
  2929 | D:4      | Reached skill level 1 in Shields
  2985 | D:4      | Noticed Blork the orc
  2996 | D:4      | Killed Blork the orc
  2996 | D:4      | Reached XP level 6. HP: 55/55 MP: 5/5
  3086 | D:4      | Reached skill level 5 in Fighting
  3126 | D:4      | Noticed a slave
  3144 | D:4      | Noticed a slave
  3146 | D:4      | Killed a slave
  3200 | D:3      | Killed a slave
  3350 | D:4      | Reached XP level 7. HP: 36/61 MP: 6/6
  3472 | D:4      | Found a staircase to the Ecumenical Temple.
  3536 | D:4      | Found an ancient bone altar of Kikubaaqudgha.
  3668 | D:4      | Noticed Pikel
  3800 | D:4      | Killed Pikel
  3800 | D:4      | Reached skill level 6 in Fighting
  3800 | D:4      | Reached skill level 5 in Armour
  3800 | D:4      | Reached XP level 8. HP: 67/70 MP: 7/7
  3944 | D:4      | Reached **** piety under Trog
  4003 | D:5      | Entered Level 5 of the Dungeon
  4207 | D:5      | Noticed Menkaure
  4216 | D:5      | Killed Menkaure
  4293 | D:5      | Noticed Prince Ribbit
  4318 | D:5      | Killed Prince Ribbit
  4393 | D:5      | Reached skill level 7 in Fighting
  4393 | D:5      | Reached skill level 5 in Shields
  5079 | D:6      | Reached XP level 9. HP: 79/79 MP: 8/8
  5393 | D:6      | Reached skill level 10 in Axes
  5979 | D:7      | Found a bloodstained altar of Trog.
  6204 | D:7      | Got a faintly humming buckler
  6275 | D:7      | Reached skill level 8 in Fighting
  6319 | D:7      | Reached skill level 9 in Fighting
  6319 | D:7      | Reached XP level 10. HP: 89/93 MP: 9/9
  6698 | D:8      | Found an opulent altar of Gozag.
  6736 | D:8      | Found a flagged portal.
  6742 | Bailey   | Entered a bailey
  6779 | Bailey   | Reached ***** piety under Trog
  6933 | Bailey   | Reached skill level 10 in Fighting
  7299 | Bailey   | Received a gift from Trog
  8391 | D:8      | Found a shimmering altar of Xom.
  8402 | D:8      | Reached XP level 11. HP: 101/101 MP: 10/10
  8609 | D:8      | Reached skill level 10 in Armour
  8776 | D:8      | Reached skill level 11 in Fighting
  8990 | D:8      | Found Kyek Itt's Distillery.
  8996 | D:8      | Bought a potion of haste for 140 gold pieces
  9483 | D:9      | Noticed Erica
  9515 | D:9      | Killed Erica
  9893 | D:9      | Noticed a two-headed ogre
  9906 | D:9      | Killed a two-headed ogre
 10315 | D:9      | Received a gift from Trog
 10354 | D:9      | Got a fine broad axe {god gift}
 10355 | D:9      | Identified the +11 broad axe of Neitim {chop, +Blink rC+ Int+4 Dex-4} (Trog gifted it to you on level 9 of the Dungeon)
 10670 | D:10     | Entered Level 10 of the Dungeon
 10671 | D:10     | Noticed Harold
 10682 | D:10     | Killed Harold
 10840 | D:10     | Reached skill level 12 in Fighting
 10840 | D:10     | Reached skill level 10 in Shields
 10941 | D:10     | You fall through a shaft for 2 floors!
 10941 | D:12     | Noticed a wizard
 10943 | D:12     | Noticed an orc sorcerer
 10944 | D:12     | Noticed a deep elf mage
 10949 | D:12     | Killed an orc sorcerer
 10951 | D:12     | Noticed a wizard
 10952 | D:12     | Killed a deep elf mage
 10955 | D:12     | Killed a wizard
 10961 | D:12     | HP: 1/104 [wizard/crystal spear (37)]
 10964 | D:12     | Killed a wizard
 11075 | D:12     | Noticed a wizard
 11081 | D:12     | Killed a wizard
 11088 | D:12     | Noticed a purple ugly thing
 11107 | D:12     | Reached XP level 12. HP: 107/113 MP: 11/11
 11639 | D:11     | Noticed Maurice
 11752 | D:11     | Killed Maurice
 11789 | D:11     | Noticed a two-headed ogre
 11791 | D:11     | Killed a two-headed ogre
 11791 | D:11     | Reached skill level 13 in Fighting
 11801 | D:11     | Noticed a two-headed ogre
 11805 | D:11     | Killed a two-headed ogre
 11828 | D:11     | Found a staircase to the Lair.
 11865 | D:11     | Noticed Sonja
 12097 | D:11     | Noticed Grum
 12110 | D:11     | Killed Grum
 12260 | D:11     | Noticed a two-headed ogre
 12260 | D:11     | Noticed a two-headed ogre
 12261 | D:11     | Noticed a two-headed ogre
 12261 | D:11     | Noticed a two-headed ogre
 12262 | D:11     | Noticed an ogre mage
 12267 | D:11     | Killed a two-headed ogre
 12271 | D:11     | Killed a two-headed ogre
 12277 | D:11     | HP: 3/116 [ogre mage/bolt of lightning (22)]
 12278 | D:11     | Killed an ogre mage
 12278 | D:11     | Killed a two-headed ogre
 12280 | D:11     | Killed a two-headed ogre
 12280 | D:11     | Received a gift from Trog
 12280 | D:11     | Reached skill level 14 in Fighting
 12534 | D:11     | Noticed Erolcha
 12541 | D:11     | Killed Erolcha
 12639 | D:11     | Found a staircase to the Orcish Mines.
 12726 | Lair:1   | Entered Level 1 of the Lair of Beasts
 13181 | Lair:1   | Reached XP level 13. HP: 125/125 MP: 12/12
 14023 | Lair:2   | Reached skill level 15 in Axes
 14122 | Lair:2   | Reached skill level 15 in Fighting
 14581 | Lair:3   | Found a frozen archway.
 14661 | IceCv    | Entered an ice cave
 14687 | IceCv    | Received a gift from Trog
 15673 | Lair:4   | Found a hole to the Spider Nest.
 15704 | Lair:4   | Found a staircase to the Shoals.
 16733 | Lair:5   | Identified the +3 buckler "Favotarr" {rC+ rCorr Slay+2} (You found it on level 7 of the Dungeon)
 16758 | Lair:5   | Noticed Josephine
 16768 | Lair:5   | Reached ****** piety under Trog
 16773 | Lair:5   | Killed Josephine
 16773 | Lair:5   | Reached skill level 16 in Fighting
 16773 | Lair:5   | Reached XP level 14. HP: 130/137 MP: 13/13
 16934 | Lair:6   | Entered Level 6 of the Lair of Beasts
 16938 | Lair:6   | Received a gift from Trog
 17058 | Lair:6   | Found an opulent altar of Gozag.
 17508 | Lair:6   | Found a staircase to the Slime Pits.
 17751 | Orc:1    | Entered Level 1 of the Orcish Mines
 17930 | Orc:1    | Found Vaom's Assorted Antiques.
 17994 | Orc:1    | Received a gift from Trog
 18017 | D:11     | Reached skill level 17 in Fighting
 18017 | D:11     | Reached XP level 15. HP: 139/147 MP: 14/14
 18304 | Orc:2    | Entered Level 2 of the Orcish Mines
 18312 | Orc:2    | Noticed an orc warlord
 18329 | Orc:1    | Killed an orc warlord
 18572 | Orc:2    | Gained mutation: You are frail. (-10% HP) [a neqoxec]
 18710 | Orc:2    | Found Xoaziof's Antique Weapon Shoppe.
 18740 | Orc:2    | Found Daub's Gadget Shop.
 18817 | Orc:2    | Found Juvvobeg's Jewellery Boutique.
 19035 | Orc:2    | Found a staircase to the Elven Halls.
 19058 | Orc:2    | Found Techere's Antique Armour Shoppe.
 19155 | Orc:2    | Found Zaboergha's General Store.
 19256 | Orc:2    | Bought the amulet of Juco {Reflect Str+7 Int+3 SH+3} for 655 gold pieces
 19581 | D:12     | Cast into level 3 of the Abyss (a wizard)
 19640 | Abyss:3  | Noticed an Executioner
 19797 | Abyss:3  | Noticed a tentacled starspawn
 19841 | Abyss:3  | HP: 6/134 [thrashing horror (13)]
 19843 | Abyss:3  | HP: 1/134 [naga/long sword of protection (2)]
 19844 | Abyss:3  | Identified a scroll of acquirement
 19845 | Abyss:3  | Succumbed to a naga mage's splash of poison

Skill      XL: |  1  2  3  4  5  6  7  8  9 10 11 12 13 14 15 |
---------------+----------------------------------------------+-----
Axes           | 4 5 6 8 9 12 13 14 15 16 | 16.5
Fighting       | 4 5 6 7 9 10 12 14 16 17 | 17.8
Armour         | 3 4 5 6 9 11 12 13 14 | 14.4
Dodging        | 3 |  3.2
Shields        | 1 2 3 5 8 9 10 11 12 13 14 | 14.0

Action                   |  1- 3 |  4- 6 |  7- 9 | 10-12 | 13-15 || total
-------------------------+-------+-------+-------+-------+-------++-------
Melee: Hand axe          |    93 |   161 |   258 |   449 |       ||   961
       Headbutt          |    10 |    28 |    69 |   128 |   106 ||   341
       Broad axe         |       |       |       |   277 |   563 ||   840
       Whip              |       |       |       |       |     8 ||     8
Throw: Stone             |       |       |     1 |     1 |       ||     2
Invok: Berserk           |       |     2 |     4 |     9 |       ||    15
       Brothers in Arms  |       |       |       |     2 |     1 ||     3
       Trog's Hand       |       |       |       |     1 |       ||     1
Evoke: Wand              |       |       |       |     3 |       ||     3
  Use: Scroll            |       |       |    12 |     5 |    11 ||    28
       Potion            |       |       |     1 |     3 |     6 ||    10
  Eat: Chunk             |     2 |     7 |    11 |    25 |    22 ||    67
       Ration            |       |       |     1 |     2 |       ||     3
Armor: Leather armour    |    26 |    31 |     3 |       |       ||    60
       Chain mail        |       |       |    53 |    16 |       ||    69
       Plate armour      |       |       |       |   174 |   232 ||   406
       Skin              |       |       |       |     7 |       ||     7
Dodge: Dodged            |    67 |    57 |    43 |   125 |   143 ||   435
Block: Shield            |       |    57 |   101 |   447 |   483 ||  1088
       Reflection        |       |       |       |       |     3 ||     3
